AoeStats
← MXFXAlpha

Arabia

510380719Analyzed
1v1 RM · 16h ago on Sep 30, 2026· 41m 34s· 2 players
Game mode
Random Map
Map size
Tiny (2 player)
Population
200
Speed
Normal
Resources
Standard
Victory
Conquest
Starting age
Dark Age
Ending age
Imperial Age
RankedLock teamsTeams togetherTeam positionsShared explorationLock speedFull tech treeHidden civsTurbo modeCheats
Victory
Defeat
🇬🇧 Persians · United Kingdom
815
+17
🇯🇴 Japanese · Jordan
828
-44
MXFXAlpha
5:39 Loom
10:46 Feudal Age
11:20 Double-Bit Axe
12:16 Horse Collar
22:28 Castle Age
20:41 Scale Barding Armor
20:46 Forging
20:49 Bloodlines
21:58 Gold Mining
23:03 Husbandry
23:27 Chain Barding Armor
23:45 Bow Saw
23:38 Heavy Plow
25:35 Wheelbarrow
25:05 Pikeman
25:45 Squires
25:55 Scale Mail Armor
26:18 Fletching
30:17 Iron Casting
29:57 Chain Mail Armor
30:59 Chain Mail Armor
31:40 Hand Cart
35:03 Stone Mining
35:32 Town Watch
39:23 Imperial Age
37:08 Masonry
37:00 Bodkin Arrow
37:05 Padded Archer Armor
37:31 Ballistics
37:07 Murder Holes
39:13 Cavalier
40:32 Plate Barding Armor
40:57 Blast Furnace
40:28 Halberdier
Toutah
3:55 Loom
19:34 Feudal Age
28:36 Man-at-Arms
29:09 Arson
33:34 Castle Age
35:28 Crossbowman
Connection lost

Rejoining the realm…

Still unreachable

The connection could not be restored.

Session expired

The server has moved on; the page needs a fresh start.